 Dungeon Crawl Stone Soup version 0.27.1-35-g4d5d836560 (webtiles) character file.

Game seed: 8680779769102072853

525 ImHallYall the Slasher (level 6, 0/52 HPs)
             Began as a Demigod Fighter on Apr 8, 2022.
             Killed from afar by an orc wizard (3 damage)
             ... with a puff of flame
             ... on level 5 of the Dungeon.
             The game lasted 00:16:03 (5653 turns).

ImHallYall the Slasher (Demigod Fighter)            Turns: 5653, Time: 00:16:05

Health: 0/52       AC: 13    Str: 21    XL:     6   Next: 71%
Magic:  17/17      EV: 10    Int: 10    God:
Gold:   510        SH:  0    Dex: 17    Spells: 2/5 levels left

rFire    . . .     SeeInvis .   f - +4 great sword "Qiats" {elec, rN+}
rCold    . . .     Faith    .   (shield currently unavailable)
rNeg     + . .     Spirit   .   p - +6 scale mail "Ulerphien" {Fly MP+9 Slay+2}
rPois    .         Reflect  .   (no helmet)
rElec    .         Harm     .   (no cloak)
rCorr    .         Rampage  .   (no gloves)
Will     .....                  (no boots)
Stlth    ..........             (no amulet)
HPRegen  0.17/turn              (no ring)
MPRegen  0.15/turn              (no ring)

@: flying
A: high mp 1, forlorn
a: no special abilities


You were on level 5 of the Dungeon.
You visited 2 branches of the dungeon, and saw 6 of its levels.

You collected 1126 gold pieces.
You spent 616 gold pieces at shops.

Inventory:

Hand Weapons
 a - a +0 long sword
 e - a +0 giant club
 f - the +4 great sword "Qiats" (weapon) {elec, rN+}
   (You bought it in a shop on level 2 of the Dungeon)

   It occasionally discharges a powerful burst of electricity upon striking a
   foe.
   rN:        It protects you from negative energy.
 h - a +2 hand axe of freezing
 k - a +2 whip of venom
Missiles
 g - 28 poisoned darts
 o - 3 boomerangs
Armour
 b - a +0 scale mail
 c - a +0 kite shield
 i - a +0 ring mail
 p - the +6 scale mail "Ulerphien" (worn) {Fly MP+9 Slay+2}
   (You found it on level 4 of the Dungeon)

   Slay:      It affects your accuracy & damage with ranged weapons and melee
   (+2).
   MP:        It affects your magic capacity (+9).
   Fly:       It grants you flight.
Wands
 m - a wand of flame (20) (quivered)
Scrolls
 n - a scroll of torment
 q - 2 scrolls of brand weapon
 r - a scroll of noise {unknown}
Potions
 d - 2 potions of might
 j - 2 potions of magic {unknown}


   Skills:
 + Level 3.8 Fighting
 + Level 4.6 Long Blades
 + Level 1.3 Axes
 + Level 3.8 Armour
 + Level 1.8 Dodging
 + Level 0.3 Stealth
 + Level 3.3 Shields


You had 2 spell levels left.
You knew the following spells:

 Your Spells              Type           Power      Damage    Failure   Level
a - Summon Guardian Gole  Hex/Summ       0%         N/A       96%         3

Your spell library contained the following spells:

 Spells                   Type           Power      Damage    Failure   Level
 Blink                    Tloc           N/A        N/A       83%         2
 Lesser Beckoning         Tloc           0%         N/A       96%         3
 Manifold Assault         Tloc           0%         N/A       100%        5
 Orb of Destruction       Conj           0%         N/A       100%        7
 Spellforged Servitor     Conj/Summ      0%         N/A       100%        7


Dungeon Overview and Level Annotations

Branches:
Dungeon (5/15)             Temple (1/1) D:4

Shops:
D:2 (   D:4 =


Innate Abilities, Weirdness & Mutations

Your attributes grow dramatically as you level up.
You have an increased reservoir of magic. (+10% MP)
You shall have no god before yourself.


Message History

* * * LOW HITPOINT WARNING * * *
Something hits you but does no damage. The orc hits you but does no damage.
The orc barely misses you. The bullfrog zombie closely misses you.
You riposte.
You slice the bullfrog zombie!!
The bullfrog zombie is heavily damaged.
The orc priest hits you from afar with a +0 trident.
* * * LOW HITPOINT WARNING * * *
Something hits you.
* * * LOW HITPOINT WARNING * * *
The orc closely misses you.
The orc hits you from afar with a +0 trident.
* * * LOW HITPOINT WARNING * * *
The orc hits you but does no damage.
You slash the orc! Lightning courses through the orc!!
You kill the orc!
The bullfrog zombie barely misses you.
The orc priest hits you but does no damage.
The orc hits you with a +0 flail.
* * * LOW HITPOINT WARNING * * *
Something hits you but does no damage. The orc barely misses you.
The bullfrog zombie hits you but does no damage.
You slice the bullfrog zombie!!
You destroy the bullfrog zombie!
The orc priest closely misses you. The orc closely misses you.
Something hits you but does no damage. The orc barely misses you.
The orc priest hits you but does no damage.
The orc hits you but does no damage. Something hits you but does no damage.
The orc closely misses you.
You miss something.
The orc priest hits you but does no damage.
The orc hits you but does no damage. Something hits you but does no damage.
The orc barely misses you.
You closely miss something. The orc priest closely misses you.
The orc closely misses you. Something hits you but does no damage.
The orc hits you but does no damage. The orc priest barely misses you.
The orc closely misses you.
You riposte.
You closely miss the orc.
You hear some strange, mumbled words.
A puff of flame appears from out of thin air!
The puff of flame hits you.
You die...

# .# #.##
#...### .......
#######....###
..#o@†....... .
#.#{).o...... .
#.#o.##?..### .
#..........$.
#.##........>...
#............###
#####.####.#.#
#.# #.# #.#


You could see an orc priest and 2 orcs.

Vanquished Creatures
  A nameless horror (D:4)
  2 ogres
  A bullfrog zombie (D:5)
  3 hounds
  An iguana (D:4)
  2 hound skeletons (D:4)
  4 gnolls (D:4)
  3 adders
  4 dart slugs
  3 worms
  5 orcs
  6 endoplasms
  4 giant cockroaches
  10 goblins
  13 hobgoblins
  6 jackals
  6 kobolds
  4 quokkas
  10 ball pythons
  6 bats
  3 frilled lizards (D:1)
  7 rats
104 creatures vanquished.

Vanquished Creatures (others)
  A demonic plant (D:3)
1 creature vanquished.

Grand Total: 105 creatures vanquished

Notes
Turn   | Place    | Note
-------+----------+-------------------------------------------
     0 | D:1      | ImHallYall the Demigod Fighter began the quest for the Orb.
     0 | D:1      | Reached XP level 1. HP: 18/18 MP: 3/3
   445 | D:1      | Reached XP level 2. HP: 25/25 MP: 4/4
   642 | D:1      | Reached skill level 2 in Long Blades
  1398 | D:2      | Reached XP level 3. HP: 22/30 MP: 5/5
  1765 | D:2      | Found Oreposij's Weapon Boutique.
  2369 | D:2      | Reached skill level 1 in Axes
  2855 | D:2      | Identified a scroll of acquirement
  2855 | D:2      | Acquired 950 gold pieces
  2902 | D:2      | Bought the +4 great sword "Qiats" {elec, rN+} for 616 gold
                  | pieces
  2939 | D:3      | Reached XP level 4. HP: 38/38 MP: 6/6
  3122 | D:3      | Learned a level 3 spell: Summon Guardian Golem
  3871 | D:4      | Found Jyonav's Jewellery Emporium.
  3878 | D:4      | Reached skill level 3 in Long Blades
  3926 | D:4      | Noticed an ogre
  3932 | D:4      | Killed an ogre
  3933 | D:4      | Reached XP level 5. HP: 45/45 MP: 7/7
  4261 | D:4      | Found a staircase to the Ecumenical Temple.
  4277 | Temple   | Entered the Ecumenical Temple
  4612 | D:4      | Identified the +6 scale mail "Ulerphien" {Fly MP+9 Slay+2}
  4795 | D:4      | Noticed a nameless horror
  4801 | D:4      | Killed a nameless horror
  5014 | D:4      | Reached skill level 1 in Dodging
  5014 | D:4      | Reached XP level 6. HP: 51/51 MP: 8/8
  5599 | D:5      | Entered Level 5 of the Dungeon
  5646 | D:5      | Reached skill level 4 in Long Blades
  5650 | D:5      | HP: 2/52 [orc (5)]
  5653 | D:5      | Killed from afar by an orc wizard

Illustrated notes

Levels and vault maps discovered:
D:1:      dpeg_arrival_round_a, layout_basic
D:2:      cheibrodos_greedy_goblins, layout_loops_ring, basic_altar,
          serial_shops, shop
D:3:      layout_basic, shapermc_ecumenical_altar_flowoftime
D:4:      layout_loops_ring, grunt_temple_overflow_gold_and_silver, minitemple,
          gammafunk_temple_overflow_elements, temple_statues, serial_shops,
          nicolae_shop_crystal
D:5:      layout_loops_ring, overflow_temple_1_default, minmay_joined_circles
Temple:   grunt_temple_mini_profane

Skill      XL: |  1  2  3  4  5  6 |
---------------+-------------------+-----
Long Blades    | 2 3 4 |  4.6
Armour         | 3 |  3.8
Shields        | 3 |  3.3
Fighting       | 3 |  3.8
Axes           | 1 |  1.3
Dodging        | 1 |  1.8
Stealth        | |  0.3

Action                   |  1- 3 |  4- 6 || total
-------------------------+-------+-------++-------
Melee: Long sword        |    34 |       ||    34
       Hand axe          |    90 |       ||    90
       Great sword       |     3 |   103 ||   106
Evoke: Wand              |       |     1 ||     1
  Use: Scroll            |     1 |     4 ||     5
       Potion            |       |     2 ||     2
Armor: Scale mail        |    73 |    97 ||   170
Dodge: Dodged            |    49 |    93 ||   142
Block: Kite shield       |    76 |       ||    76
       Rpst.: Long sword |     8 |       ||     8
       Great sword       |     2 |    20 ||    22
